 Dungeon Crawl Stone Soup version 0.29-a0-824-gd827844252 (webtiles) character file.

Game seed: 2399718708017212102

1432 kevlar127 the Ruffian (level 8, -1/124 HPs)
             Began as a Troll Berserker on July 9, 2022.
             Was an Elder of Trog.
             Succumbed to a killer bee's poison
             ... on level 5 of the Dungeon.
             The game lasted 00:08:53 (3861 turns).

kevlar127 the Ruffian (Troll Berserker)             Turns: 3861, Time: 00:08:53

Health: -1/124     AC:  5    Str: 28    XL:     8   Next: 45%
Magic:  7/7        EV: 11    Int:  3    God:    Trog [****..]
Gold:   341        SH:  5    Dex: 15    Spells: 7/7 levels left

rFire   . . .      SeeInvis +     - Unarmed
rCold   x . .      Faith    .   (no shield)
rNeg    + + .      Spirit   .   a - +0 animal skin
rPois   .          Reflect  +   (helmet restricted)
rElec   .          Harm     .   j - +0 cloak
rCorr   .          Rampage  .   (gloves unavailable)
Will    .....                   (boots unavailable)
Stlth   ..........              m - amulet of Zustrucso {Reflect rC- rN++ Slay+3 SH+5 SInv}
HPRegen 1.10/turn               i - +6 ring of dexterity
MPRegen 0.10/turn               (no ring)

@: berserking, lethally poisoned (-1 -> -3), very quick
A: large, unfitting armour, claws 3, regeneration 1, shaggy fur 1, tough skin 1
a: Renounce Religion, Berserk, Trog's Hand, Brothers in Arms


You were on level 5 of the Dungeon.
You worshipped Trog.
Trog was greatly pleased with you.
You visited 1 branch of the dungeon, and saw 5 of its levels.

You collected 341 gold pieces.

Inventory:

Missiles
 d - 48 stones (quivered)
 o - 8 poisoned darts
Armour
 a - a +0 animal skin (worn)
 j - a +0 cloak (worn)
Jewellery
 i - a +6 ring of dexterity (left claw)
 l - a ring of see invisible
 m - the amulet of Zustrucso (around neck) {Reflect rC- rN++ Slay+3 SH+5 SInv}
   (You found it on level 4 of the Dungeon)

   [amulet of reflection]

   It reflects blocked missile attacks.
   Slay:      It affects your accuracy & damage with ranged weapons and melee
   (+3).
   rC:        It makes you vulnerable to cold.
   rN:        It greatly protects you from negative energy.
   SInv:      It lets you see invisible.
   SH:        It affects your SH (+5).
 s - a +4 ring of protection
Wands
 z - a wand of digging (7)
Scrolls
 g - 2 scrolls of noise {unknown}
 h - a scroll of magic mapping {unknown}
 n - a scroll of identify {unknown}
 r - a scroll of vulnerability {unknown}
 u - a scroll of torment {unknown}
 w - a scroll of brand weapon {unknown}
 x - a scroll of enchant weapon {unknown}
 y - a scroll of silence {unknown}
Potions
 b - 4 potions of lignification {unknown}
 c - a potion of resistance {unknown}
 e - 2 potions of haste {unknown}
 f - a potion of flight {unknown}
 k - 2 potions of berserk rage {unknown}
 p - 2 potions of invisibility {unknown}
 q - a potion of magic {unknown}
 t - 2 potions of heal wounds {unknown}
 v - a potion of mutation {unknown}


   Skills:
 * Level 6.0 Fighting
 + Level 2.6 Throwing
 - Level 4.0 Dodging
 * Level 7.1 Unarmed Combat


You had 7 spell levels left.
You didn't know any spells.
Your spell library was empty.

Dungeon Overview and Level Annotations

Branches:
Dungeon (5/15)             Temple (0/1) D:4

Altars:
Ashenzari
Elyvilon
Fedhas
Gozag
Makhleb
Nemelex Xobeh
Sif Muna
Uskayaw
Xom
The Shining One

Shops:
D:4 *


Innate Abilities, Weirdness & Mutations

You are too large for most types of armour.
You have claws for hands.
Your natural rate of healing is unusually fast.
You are covered in fur. (AC +1)
You have tough skin. (AC +1)


Message History

You barely miss the killer bee.
You feel sick. The killer bee barely misses you. x2
The killer bee stings you but does no damage.
You closely miss the killer bee.
You feel sick.
The killer bee barely misses you. x2; The killer bee stings you.
* * * LOW HITPOINT WARNING * * *
You are more poisoned.
The killer bee poisons you!
Unknown command.
You miss the killer bee.
You feel sick. The killer bee barely misses you. The killer bee stings you.
* * * LOW HITPOINT WARNING * * *
The killer bee barely misses you.
You closely miss the killer bee.
You feel very sick. The killer bee closely misses you.
The killer bee barely misses you. You block the killer bee's attack.
The killer bee stings you.
* * * LOW HITPOINT WARNING * * *
The killer bee barely misses you. x2
You miss the killer bee.
You feel sick.
The killer bee stings you but does no damage.
You block the killer bee's attack. x2
Unknown command.
You mangle the killer bee!!
You feel the power of Trog in you as your rage grows.
You kill the killer bee!
Trog accepts your kill.
You feel sick. You block the killer bee's attack. The killer bee stings you.
* * * LOW HITPOINT WARNING * * *
You are too berserk!
Unknown command.
You claw the killer bee!
You kill the killer bee!
Trog accepts your kill.
You feel sick. The killer bee stings you.
* * * LOW HITPOINT WARNING * * *
The killer bee closely misses you.
Your Fighting skill increases to level 6!
You barely miss the killer bee.
You die...

..[ #.................##.
....###...............###.
......#........##.........
#....#.....###......).
##..##.............###
#..................##
##...........#....###
#..yy.......##.....#
###@†...............
###........##.....
###....##...#..###
#..†...#.. ##....
#...........# ##...
#........##..# #....
##......## #... #....
##.)...! ... ##.†.
###..... .. #††.


You could see 2 killer bees.

Vanquished Creatures
  A water moccasin (D:5)
  5 black bears
  A bullfrog (D:5)
  A necrophage (D:5)
  A scorpion (D:5)
  4 killer bees (D:5)
  A howler monkey (D:4)
  Crazy Yiuf (D:2)
  2 hounds (D:5)
  4 jellies
  3 iguanas
  2 orc wizards (D:5)
  3 adders
  2 worms (D:3)
  3 dart slugs
  14 orcs
  4 bats
  10 endoplasms
  11 giant cockroaches
  7 goblins
  5 hobgoblins
  9 jackals
  8 quokkas
  5 ball pythons
  4 frilled lizards
  6 kobolds
  17 rats
134 creatures vanquished.

Vanquished Creatures (others)
  2 plants (D:4)
2 creatures vanquished.

Grand Total: 136 creatures vanquished

Notes
Turn   | Place    | Note
-------+----------+-------------------------------------------
     0 | D:1      | kevlar127 the Troll Berserker began the quest for the Orb.
     0 | D:1      | Reached XP level 1. HP: 22/22 MP: 0/0
   304 | D:1      | Reached XP level 2. HP: 29/29 MP: 1/1
   528 | D:1      | Reached XP level 3. HP: 36/36 MP: 2/2
   536 | D:1      | Found a faded altar of an unknown god.
   573 | D:1      | Reached ** piety under Trog
  1436 | D:2      | Found a sparkling altar of Nemelex Xobeh.
  1590 | D:2      | Found a runed translucent door.
  1591 | D:2      | Noticed Crazy Yiuf
  1751 | D:2      | Reached XP level 4. HP: 45/45 MP: 3/3
  1827 | D:2      | Killed Crazy Yiuf
  1937 | D:3      | You fall into a shaft and drop 1 floor!
  2087 | D:4      | Reached skill level 4 in Unarmed Combat
  2095 | D:4      | Reached XP level 5. HP: 41/53 MP: 4/4
  2178 | D:4      | Reached *** piety under Trog
  2179 | D:4      | Found a staircase to the Ecumenical Temple.
  2195 | D:4      | Identified the amulet of Zustrucso {Reflect rC- rN++ Slay+3
                  | SH+5 SInv}
  2230 | D:4      | Noticed a black bear
  2239 | D:4      | Killed a black bear
  2318 | D:4      | Reached XP level 6. HP: 62/62 MP: 5/5
  2465 | D:4      | Found the +3 salamander hide armour {Flames rF++ rC--}
  2477 | D:4      | Found Hufishealy's Assorted Antiques.
  2601 | D:4      | Reached skill level 5 in Unarmed Combat
  2987 | D:3      | Found a burning altar of Makhleb.
  2987 | D:3      | Found a broken altar of Ashenzari.
  2987 | D:3      | Found a blossoming altar of Fedhas.
  2987 | D:3      | Found a shimmering altar of Xom.
  2988 | D:3      | Found a hide-covered altar of Uskayaw.
  2988 | D:3      | Found a white marble altar of Elyvilon.
  2989 | D:3      | Reached **** piety under Trog
  2990 | D:3      | Found a shimmering blue altar of Sif Muna.
  2990 | D:3      | Found a glowing golden altar of the Shining One.
  2990 | D:3      | Found an opulent altar of Gozag.
  3049 | D:3      | Reached XP level 7. HP: 71/71 MP: 6/6
  3075 | D:3      | Identified the +10 flail "Xiarr" {pain, SInv}
  3437 | D:5      | Entered Level 5 of the Dungeon
  3488 | D:5      | Reached skill level 1 in Throwing
  3518 | D:5      | Reached skill level 5 in Fighting
  3521 | D:5      | Reached skill level 6 in Unarmed Combat
  3642 | D:5      | Reached XP level 8. HP: 76/81 MP: 7/7
  3851 | D:5      | Reached skill level 7 in Unarmed Combat
  3858 | D:5      | HP: 6/124 [poisoned by a killer bee]
  3860 | D:5      | HP: 1/124 [killer bee (4)]
  3861 | D:5      | Succumbed to a killer bee's poison

Illustrated notes

Levels and vault maps discovered:
D:1:      eino_arrival_tree_alley, layout_basic, ebering_ecumenical_altar_mist,
          minmay_rat_gold_closets
D:2:      layout_basic, basic_altar, uniq_crazy_yiuf_cottage
D:3:      layout_loops_ring, nicolae_overflows_in_rows,
          chequers_serial_rivers_micro_d
D:4:      layout_gridville, minmay_temple_entry_arrows, serial_shops,
          nicolae_shop_overgrown_old_shop, gup_sewer_entry_bubbles,
          reono_crystal_passage
D:5:      layout_cave_pools

Skill      XL: |  1  2  3  4  5  6  7  8 |
---------------+-------------------------+-----
Fighting       | 3 4 5 6 |  6.0
Dodging        | 3 4 |  4.0
Unarmed Combat | 4 5 6 7 |  7.1
Throwing       | 1 2 |  2.6

Action                   |  1- 3 |  4- 6 |  7- 9 || total
-------------------------+-------+-------+-------++-------
Melee: Unarmed           |   130 |    87 |    97 ||   314
       Punch             |     2 |     3 |     4 ||     9
Throw: Stone             |       |     2 |       ||     2
Invok: Trog's Hand       |       |     1 |       ||     1
       Berserk           |       |       |     2 ||     2
 Stab: Sleeping          |     1 |     3 |     1 ||     5
Armor: Animal skin       |    40 |    22 |    23 ||    85
Dodge: Dodged            |    53 |    31 |    64 ||   148
Block: Other             |       |     9 |    25 ||    34

Table legend: (Time is in decaauts)
 A = Elapsed time spent in this place.
 B = Non-inter-level travel time spent in this place.
 C = Inter-level travel time spent in this place.
 D = Time resting spent in this place.
 E = Time spent auto-exploring this place.
 F = Levels seen in this place.
 G = Mean time per level.
                   A        B        C        D        E       F      G
               +--------+--------+--------+--------+--------+-----+--------+
         Total |   3873 |   3740 |    133 |    269 |   2757 |   5 |  774.6 |
       Dungeon |   3873 |   3740 |    133 |    269 |   2757 |   5 |  774.6 |
               +--------+--------+--------+--------+--------+-----+--------+

Top non-repeatable levels by time:
     D:4: 995 daAuts
     D:1: 964 daAuts
     D:2: 893 daAuts
     D:3: 596 daAuts
     D:5: 424 daAuts
